 Dungeon Crawl Stone Soup version 0.21-a0-496-g696f58f (webtiles) character file.

182 Charly the Insei (level 5, 0/26 HPs)
             Began as a Vine Stalker Transmuter on Nov 23, 2017.
             Was a Follower of Cheibriados.
             Slain by a bullfrog (3 damage)
             ... on level 4 of the Dungeon.
             The game lasted 00:06:50 (466 turns).

Charly the Insei (Vine Stalker Transmuter)           Turns: 466, Time: 00:06:51

Health: 0/26       AC:  2    Str: 15    XL:     5   Next: 61%
Magic:  0/9        EV: 20    Int: 16    God:    Cheibriados [*.....]
Gold:   0          SH:  0    Dex: 21    Spells: 2/8 levels left

rFire    . . .     SeeInvis .     - Unarmed
rCold    . . .     Gourm    .   (shield currently unavailable)
rNeg     . . .     Faith    .   (armour currently unavailable)
rPois    x         Spirit   +   (helmet currently unavailable)
rElec    .         Reflect  .   (cloak currently unavailable)
rCorr    .         Harm     .   (gloves currently unavailable)
MR       .....                  (boots currently unavailable)
Stlth    ++........             (no amulet)
HPRegen  0.48/turn              (no ring)
MPRegen  0.11/turn              (no ring)

@: spider-form, very slightly contaminated, very slow
A: tiny, regeneration 1, magic shield, no potion heal 3, rot immunity
a: End Transformation, Bend Time, Renounce Religion


You were on level 4 of the Dungeon.
You worshipped Cheibriados.
Cheibriados was aware of your devotion.
You were not hungry.
You were a venomous arachnid creature.
You visited 1 branch of the dungeon, and saw 5 of its levels.

Inventory:

Missiles
 a - 17 arrows
Armour
 b - a +0 robe (melded)
Books
 c - a book of Changes

   Spells                             Type                      Level
   a - Beastly Appendage              Transmutation                1
   b - Sticks to Snakes               Transmutation                2
   c - Spider Form                    Transmutation/Poison         3
   d - Ice Form                       Ice/Transmutation            4
   e - Blade Hands                    Transmutation                5
Comestibles
 d - a bread ration


   Skills:
 + Level 1.7 Fighting
 + Level 2.1 Dodging
 + Level 5.5 Unarmed Combat
 - Level 2.1 Spellcasting
 - Level 2.0 Transmutations


You had 2 spell levels left.
You knew the following spells:

 Your Spells              Type           Power        Failure   Level  Hunger
a - Beastly Appendage     Tmut           #.....       22%         1    #......
s - Sticks to Snakes      Tmut           #.......     32%         2    ###....
S - Spider Form           Tmut/Pois      #.........   61%         3    ###....


Dungeon Overview and Level Annotations

Branches:
Dungeon (5/15)
 Temple: D:4-7

Altars:
Cheibriados
Wu Jian

Annotations:
D:5 Grinder


Innate Abilities, Weirdness & Mutations

((You have extremely sharp teeth.))
Your natural rate of healing is unusually fast.
When hurt, damage is shared between your health and your magic reserves.
((Your bite disrupts and absorbs the magic of your enemies.))
Potions cannot restore your health.
You are immune to rotting.


Message History

Unknown command.
You hit the gnoll.
You kill the gnoll!
Cheibriados appreciates the change of pace.
Unknown command.
Casting: Spider Form
Confirm with . or Enter, or press ? or * to list all spells.
You turn into a venomous arachnid creature.
Your +0 robe melds into your body.
The bullfrog hits you.
* * * LOW HITPOINT WARNING * * *
A gnoll comes into view. It is wielding a spear.
You bite the bullfrog!
The bullfrog is moderately wounded.
The bullfrog hits you.
* * * LOW HITPOINT WARNING * * *
Unknown command.
You hit the bullfrog.
The bullfrog is poisoned.
The bullfrog is moderately wounded.
The bullfrog barely misses you. The bullfrog hits you.
You die...

###.....# #.......##
#.... #........ #......
###......# ..........
.##........####.........
..............#.........
...?.[..†)..............
#........<.##...........
#...>.)s................
#.....F........#........
#.............)#>.......
##.............†........
#.............#.........
........................
.g............####......
..............# ...##.
.......... .....


You could see a bullfrog and a gnoll.

Vanquished Creatures
  A howler monkey (D:4)
  A hound (D:4)
  A worker ant (D:4)
  An orc wizard (D:5)
  2 gnolls (D:4)
  An ooze (D:4)
  2 worms (D:5)
  A dart slug (D:4)
  2 leopard geckos
  5 orcs
  A giant cockroach (D:4)
  A goblin (D:3)
  3 hobgoblins (D:3)
  2 jackals (D:4)
  A bat (D:3)
  A kobold (D:1)
26 creatures vanquished.

Vanquished Creatures (collateral kills)
  A giant cockroach (D:4)
  2 jackals (D:4)
3 creatures vanquished.

Grand Total: 29 creatures vanquished

Notes
Turn   | Place    | Note
-------+----------+-------------------------------------------
     0 | D:1      | Charly the Vine Stalker Transmuter began the quest for the Orb.
     0 | D:1      | Reached XP level 1. HP: 9/9 MP: 4/4
    35 | D:2      | Found a snail-covered altar of Cheibriados.
    36 | D:2      | Found an ornate altar of the Wu Jian Council.
    40 | D:2      | Became a worshipper of Cheibriados the Contemplative
   149 | D:3      | Reached XP level 2. HP: 5/14 MP: 4/6
   157 | D:2      | Learned a level 2 spell: Sticks to Snakes
   305 | D:4      | Reached skill level 4 in Unarmed Combat
   308 | D:5      | Entered Level 5 of the Dungeon
   313 | D:5      | Reached XP level 3. HP: 11/17 MP: 7/7
   318 | D:5      | Learned a level 3 spell: Spider Form
   355 | D:4      | Gained mutation: Your natural rate of healing is unusually fast. [Vine Stalker growth]
   355 | D:4      | Reached XP level 4. HP: 11/21 MP: 3/8
   390 | D:5      | Reached * piety under Cheibriados
   390 | D:5      | Reached skill level 5 in Unarmed Combat
   403 | D:5      | Reached skill level 1 in Fighting
   406 | D:5      | Noticed Grinder
   426 | D:4      | Reached XP level 5. HP: 19/25 MP: 3/9
   466 | D:4      | Slain by a bullfrog

Vault maps used:
D:1:      lightli_iron_boxes, serial_forest, infiniplex_forest_clump_tiny,
          infiniplex_forest_lined_1, infiniplex_forest_join,
          infiniplex_forest_end_1, infiniplex_forest_pool
D:2:      gammafunk_temple_overflow_statue, st_stairs_12, minmay_pentomino_v2
D:3:      first_bread, patterned_corridor
D:4:      tgw_xom, lemuel_another_geyser
D:5:      serial_shops, shop, nicolae_dithmenos_through_a_glass_darkly,
          uniq_grinder, uniq_duvessa, uniq_edmund

Skill      XL: |  1  2  3  4  5 |
---------------+----------------+-----
Unarmed Combat | 4 5 |  5.5
Fighting       | 1 |  1.7
Dodging        | 2 |  2.1
Spellcasting   | |  2.1
Transmutations | |  2.0

Action                   |  1- 3 |  4- 6 || total
-------------------------+-------+-------++-------
Melee: Unarmed           |    35 |    34 ||    69
       Bite              |     9 |     4 ||    13
       Kick              |     2 |       ||     2
       Headbutt          |     2 |       ||     2
       Punch             |     1 |       ||     1
 Cast: Beastly Appendage |     9 |       ||     9
       Sticks to Snakes  |     1 |     1 ||     2
       Spider Form       |     2 |     3 ||     5
  Use: Scroll            |     1 |       ||     1
       Potion            |       |     1 ||     1
 Stab: Sleeping          |     1 |       ||     1
Armor: Robe              |     2 |       ||     2
       Skin              |       |     1 ||     1
Dodge: Dodged            |    13 |    23 ||    36

Table legend:
 A = Spawn XP
 B = Non-spawn XP
 C = Spawn XP percentage of total XP
 D = Spawn monster count
 E = Non-spawn monster count
 F = Spawn count percentage of total count
 G = Total turns spent on level
                    A         B        C        D         E        F      G
               +---------+---------+-------+---------+---------+-------+---------
         Total |       0 |     260 |   0.0 |       0 |      29 |   0.0 |   466
               +---------+---------+-------+---------+---------+-------+---------
           D:1 |       0 |       1 |   0.0 |       0 |       1 |   0.0 |    19
           D:3 |       0 |      15 |   0.0 |       0 |       7 |   0.0 |   198
           D:4 |       0 |     190 |   0.0 |       0 |      15 |   0.0 |   111
           D:5 |       0 |      54 |   0.0 |       0 |       6 |   0.0 |    96
               +---------+---------+-------+---------+---------+-------+---------
